 Dungeon Crawl Stone Soup version 0.31.0-11-ge490571c62 (webtiles) character file.

Game seed: 10810190898060582213

14 qw the Shooter (level 2, -2/14 HPs)
             Began as a Spriggan Hunter on Feb 4, 2024.
             Slain by a goblin
             ... wielding a +0 dagger
             ... led by Robin
              (6 damage)
             ... on level 1 of the Dungeon.
             The game lasted 00:00:18 (403 turns).

qw the Shooter (Spriggan Hunter)                     Turns: 403, Time: 00:00:18

Health: -2/14      AC:  2    Str:  7    XL:     2   Next: 27%
Magic:  3/3        EV: 19    Int: 10    God:
Gold:   50         SH:  0    Dex: 18    Spells: 1/1 levels left

rFire   . . .        a - +0 shortbow
rCold   . . .        (shield currently unavailable)
rNeg    . . .        c - +0 robe
rPois   .            (helmet restricted)
rElec   .            (no cloak)
rCorr   +            (gloves unavailable)
SInv    +            (boots unavailable)
Will    .....        (no amulet)
Stlth   ++           e - ring of resist corrosion
HPRegen 0.22/turn    (no ring)
MPRegen 0.08/turn

%: no passive effects
@: very quick
A: very small, no large weapons, unfitting armour, see invisible, speed 3
a: no special abilities


You were on level 1 of the Dungeon.
You visited 1 branch of the dungeon, and saw 2 of its levels.

You collected 50 gold pieces.


Innate Abilities, Weirdness & Mutations

You are very small and have problems with some larger weapons.
You are too small for most types of armour.
You have supernaturally acute eyesight. (SInv)
You cover ground extremely quickly. (Speed+++)


   Skills:
 - Level 1.5 Fighting
 + Level 4.0 Ranged Weapons
 - Level 4.0 Dodging
 - Level 1.5 Stealth


You had one spell level left.
You didn't know any spells.
Your spell library was empty.

Inventory:

Hand Weapons
 a - a +0 shortbow (weapon)
Armour
 c - a +0 robe (worn)
Jewellery
 e - a ring of resist corrosion (left hand)
Potions
 f - a potion of heal wounds {unknown}

Dungeon Overview and Level Annotations

Branches:
Dungeon (2/15)

Altars:

Annotations:
D:2 Robin


Message History

Done exploring.
376 ||| DROPPING potion of attraction.
You drop a potion of attraction.
Done exploring.
What level of the Dungeon? (default 1, ? - help)
You enter the shallow water.
Moving in this stuff is going to be slow.
There is a stone staircase leading down here.
You climb downwards.
The hobgoblin shouts!
The goblin shouts!
The hobgoblin shouts!
The goblin shouts! x3; Robin shouts!
The hobgoblin shouts! x2
The goblin shouts!
The hobgoblin shouts!
Robin is attracted toward you. The goblin is attracted toward you.
Found 7 gold pieces.
There is a stone staircase leading up here.
There are monsters nearby!
Waypoint 1 assigned to D:2.
399 ||| STAIRDANCE The goblin completely misses you.
The hobgoblin barely misses you. x2
Robin roars a battlecry!
The goblins go into a battle-frenzy!
The hobgoblin misses you. The goblin completely misses you.
You climb upwards.
There is a stone staircase leading down here.
Enter note:
Enter note:
Enter note: You shoot an arrow.
The arrow hits the goblin but does no damage.
The hobgoblin hits you. The hobgoblin closely misses you.
The goblin splashes around in the water.
The goblin closely misses you. The hobgoblin closely misses you.
You shoot an arrow. The arrow barely misses the goblin.
The hobgoblin hits you. The hobgoblin misses you. The goblin misses you.
The goblin completely misses you.
The hobgoblin hits you but does no damage.
You feel less attractive to monsters.
You shoot an arrow. The arrow closely misses the goblin.
The hobgoblin completely misses you. The hobgoblin hits you.
The goblin closely misses you. The goblin hits you with a +0 dagger.
You die...

.................................
.........##~~~~~~~~~~..#.........
.......###~~~~~~~~~~~~.#....#.###
:........~~~~~~~~~~~~~~..#..)....
#....##.~~~8~~~~~~~~8~~~......)..
####....~~~~~~~~~~~~~~~~...#.....
###..~~~~...~~~~~~~~~...#..###
###.#.~~.~~~g~~~~~~~~......##.
#....~..~~~~g@g~~~~~~.........
#....~~~~~~~gg~~~~..~#........
#....~~~~~~~~.~~~.~~.#..#.....
####.~~~~~~~~~...~~~~.........
#.~~~~~~~~~~~~~~~~##.......
#.~~~8~~~~~~~~8~~~##..#..##
#.#~~~~~~~~~~~~~~#....#..#
#.#.~~~~~~~~~~~~##....#..##
####.#..~~~~~~~~~~...........#


You could see 3 hobgoblins and 2 goblins.

Vanquished Creatures
  3 endoplasms (D:1)
  A hobgoblin (D:1)
  3 bats (D:1)
  2 frilled lizards (D:1)
  3 kobolds (D:1)
  2 rats (D:1)
14 creatures vanquished.

Notes
Turn   | Place    | Note
-------+----------+-------------------------------------------
     0 | D:1      | qw the Spriggan Hunter began the quest for the Orb.
     0 | D:1      | Reached XP level 1. HP: 10/10 MP: 2/2
     0 | D:1      | 0 ||| qw: Version: 0.3-a-160-g6735b56
     0 | D:1      | 0 ||| qw: Game counter: 5956
     0 | D:1      | 0 ||| qw: Melee chars always use a shield: true
     0 | D:1      | 0 ||| qw: God list: Okawaru
     0 | D:1      | 0 ||| qw: Allow faded altars: false
     0 | D:1      | 0 ||| qw: Do Orc after clearing Dungeon:15 true
     0 | D:1      | 0 ||| qw: Do second Lair branch before Depths: true
     0 | D:1      | 0 ||| qw: Lair rune preference: random
     0 | D:1      | 0 ||| qw: Goals: Normal
     0 | D:1      | 0 ||| PLANNING D:1-11
   111 | D:1      | Reached skill level 3 in Dodging
   152 | D:1      | Found a faded altar of an unknown god.
   190 | D:1      | Reached XP level 2. HP: 14/14 MP: 3/3
   366 | D:1      | 366 ||| UPGRADING to ring of resist corrosion.
   367 | D:1      | 367 ||| READING scroll labelled XILIOF SEULAUV.
   368 | D:1      | 368 ||| READING scroll labelled JEKHLI UCOTUNOGG.
   373 | D:1      | 373 ||| READING scroll labelled KYTZIF ZIAXEHU.
   374 | D:1      | 374 ||| DRINKING 2 fizzy inky potions.
   375 | D:1      | 375 ||| DROPPING scroll of butterflies.
   376 | D:1      | 376 ||| DROPPING potion of attraction.
   398 | D:2      | Noticed Robin
   399 | D:2      | 399 ||| STAIRDANCE
   403 | D:1      | Slain by a goblin

Levels and vault maps discovered:
D:1:      nzn_arrival_water_spiral, layout_rooms,
          hellmonk_ecumenical_altar_heavens_door
D:2:      layout_loops_ring, kennysheep_cluttered_room, nicolae_half_adder,
          uniq_natasha, uniq_crazy_yiuf_cottage, uniq_robin

Skill      XL: |  1  2 |
---------------+-------+-----
Dodging        | 3 4 |  4.0
Fighting       | |  1.5
Ranged Weapons | |  4.0
Stealth        | |  1.5

Action                     || total
---------------------------++-------
   Fire: Shortbow          ||    36
    Use: Scroll            ||     3
         Potion            ||     1
 Armour: Robe              ||     5
  Dodge: Dodged            ||    15

Table legend:
 A = Non-vault XP
 B = Vault XP
 C = Vault XP percentage of total XP
 D = Non-vault monster count
 E = Vault monster count
 F = Vault count percentage of total count
                 A         B        C        D         E       F
            +---------+---------+-------+---------+---------+-------
      Total |      20 |       0 |   0.0 |      14 |       0 |   0.0
            +---------+---------+-------+---------+---------+-------
        D:1 |      20 |       0 |   0.0 |      14 |       0 |   0.0
            +---------+---------+-------+---------+---------+-------
